 Dungeon Sprint DCSS version 0.29.1-15-g9cfb28693d (webtiles) character file.

Game seed: 9176497609340685489

30097 boopmooplesden the Phalangite (level 13, 0/145 HPs)
             Began as a Minotaur Berserker on Mar 13, 2023.
             Was the Champion of Trog.
             Slain by a merfolk impaler (illusionary)
             ... wielding a +0 trident
              (9 damage)
             ... in the Dungeon (Sprint VII: "The Pits").
             The game lasted 00:10:14 (4407 turns).

boopmooplesden the Phalangite (Minotaur Berserker)  Turns: 4407, Time: 00:10:15

Health: 0/145      AC: 22    Str: 26    XL:     13   Next: 18%
Magic:  12/12      EV: 13    Int: 10    God:    Trog [******]
Gold:   65         SH:  0    Dex: 12    Spells: 12/12 levels left

rFire   + . .      SeeInvis +   h - +12 halberd of the Fifty Xenops {vorpal, rPois}
rCold   + + .      Faith    .   (shield currently unavailable)
rNeg    + + +      Spirit   .   G - +5 chain mail of the Hidden Vale {rN+ rCorr Dex-5}
rPois   +          Reflect  .   (helmet restricted)
rElec   .          Harm     .   (no cloak)
rCorr   +          Rampage  .   (no gloves)
Will    +++..      NoTele   +   t - +0 pair of boots
Stlth   ..........              (no amulet)
HPRegen 1.34/turn               B - ring "Yschufuv" {Drain rF+ rN++ Int+6}
MPRegen 0.13/turn               z - ring "Zoqapopn" {rC++ Will+ Dex+6 SInv}

@: strong-willed, on berserk cooldown, regenerating, slowed, very slow
A: horns 2, retaliatory headbutt
a: Renounce Religion, Berserk, Trog's Hand, Brothers in Arms


You were in the Dungeon.
You worshipped Trog.
Trog was exalted by your worship.
You visited 1 branch You collected 65 gold pieces.

Inventory:

Hand Weapons
 a - the +4 glaive of Duty {vorpal, Will- Str+2 SInv}
   (Trog gifted it to you in the Dungeon)

   It inflicts extra damage upon your enemies.
   Str:       It affects your strength (+2).
   SInv:      It lets you see invisible.
   Will:      It decreases your willpower.
 h - the +12 halberd of the Fifty Xenops (weapon) {vorpal, rPois}
   (Trog gifted it to you in the Dungeon)

   It inflicts extra damage upon your enemies.
   rPois:     It protects you from poison.
 o - a +3 antimagic bardiche
 s - the +2 halberd "Ruhepnunk" {venom, Int+4 Dex+2}
   (You found it in the Dungeon)

   It poisons the flesh of those it strikes.
   Int:       It affects your intelligence (+4).
   Dex:       It affects your dexterity (+2).
 u - a +5 glaive of flaming
 F - the +5 glaive "Cuota Iku" {flame, rC+}
   (Trog gifted it to you in the Dungeon)

   It burns those it strikes, dealing additional fire damage.
   Big, fiery blades are also staple armaments of hydra-hunters.
   rC:        It protects you from cold.
 I - the +6 glaive of Ziycw {antimagic, rElec rF+}
   (Trog gifted it to you in the Dungeon)

   It reduces the magical energy of the wielder, and disrupts the spells and
   magical abilities of those it strikes.
   Natural abilities and divine invocations are not affected.
   rF:        It protects you from fire.
   rElec:     It insulates you from electricity.
Missiles
 D - 8 javelins (quivered)
Armour
 b - a +0 animal skin
 m - a +2 plate armour
 t - a +0 pair of boots (worn)
 C - the -1 pair of boots of the Great Game {Contam rPois Str+3 SInv}
   (You found it in the Dungeon)

   Str:       It affects your strength (+3).
   rPois:     It protects you from poison.
   SInv:      It lets you see invisible.
   Contam:    It causes magical contamination when unequipped.
 G - the +5 chain mail of the Hidden Vale (worn) {rN+ rCorr Dex-5}
   (You found it in the Dungeon)

   Dex:       It affects your dexterity (-5).
   rN:        It protects you from negative energy.
   rCorr:     It protects you from acid and corrosion.
Jewellery
 p - a +3 ring of protection
 q - a +3 ring of protection
 x - a ring of poison resistance
 y - a ring of protection from fire
 z - the ring "Zoqapopn" (right hand) {rC++ Will+ Dex+6 SInv}
   (You found it in the Dungeon)

   [ring of willpower]

   Dex:       It affects your dexterity (+6).
   rC:        It greatly protects you from cold.
   SInv:      It lets you see invisible.
   Will:      It increases your willpower.
 B - the ring "Yschufuv" (left hand) {Drain rF+ rN++ Int+6}
   (You acquired it in the Dungeon)

   [ring of intelligence]

   Int:       It affects your intelligence (+6).
   rF:        It protects you from fire.
   rN:        It greatly protects you from negative energy.
   Drain:     It drains your maximum health when unequipped.
Scrolls
 i - 4 scrolls of enchant weapon
 k - a scroll of summoning
 l - 2 scrolls of butterflies
 n - 4 scrolls of identify
 v - a scroll of blinking
 w - 2 scrolls of enchant armour
Potions
 c - 8 potions of curing
 d - 3 potions of heal wounds
 e - 2 potions of haste
 f - 4 potions of magic
 g - 5 potions of berserk rage
 j - 2 potions of invisibility
 r - 4 potions of might
Miscellaneous
 A - a tin of tremorstones (2/2)
 E - a lightning rod (4/4)
 H - a tin of tremorstones (2/2)


   Skills:
 + Level 22.1 Fighting
 + Level 25.2 Polearms
 + Level 21.5 Armour
 + Level 11.0 Dodging
 + Level 4.0 Stealth


You had 12 spell levels left.
You didn't know any spells.
Your spell library was empty.

Dungeon Overview and Level Annotations

Branches:
Dungeon (1/1)

Altars:


Innate Abilities, Weirdness & Mutations

You have a pair of horns on your head.
You reflexively headbutt those who attack you in melee.


Message History

The merfolk impaler is heavily wounded.
The merfolk hits you with a +0 spear!
The merfolk hits you but does no damage.
The merfolk hits you with a +0 trident!
The merfolk hits you but does no damage.
The merfolk impaler hits you but does no damage.
The merfolk impaler hits you with a +0 trident!
The rakshasa weaves an illusion.
The merfolk shimmers and seems to become two!
The merfolk impaler hits you but does no damage.
The merfolk impaler hits you from afar with a +0 trident!
The merfolk attacks as you move away! The merfolk hits you with a +0 trident.
The merfolk barely misses you.
The merfolk hits you but does no damage.
The merfolk impaler hits you from afar with a +0 trident!
The rakshasa weaves an illusion.
The merfolk impaler hits you from afar with a +0 trident.
The merfolk hits you from afar with a +0 spear!
The merfolk throws a boomerang.
The boomerang hits you but does no damage.
The merfolk closely misses you.
You barely miss the merfolk. The merfolk impaler barely misses you.
The rakshasa gestures at you. The lance of force hits you!
You are knocked back by the lance of force.
You slam into the metal wall!
The merfolk hits you from afar with a +0 spear!
* * * LOW HITPOINT WARNING * * *
The merfolk hits you from afar with a +0 trident!
* * * LOW HITPOINT WARNING * * *
The rakshasa barely misses you.
The merfolk hits you but does no damage. x2
The merfolk barely misses you. The rakshasa closely misses you.
You closely miss the merfolk. The merfolk impaler barely misses you.
The merfolk hits you with a +0 spear.
* * * LOW HITPOINT WARNING * * *
The merfolk hits you with a +0 spear!
* * * LOW HITPOINT WARNING * * *
The merfolk impaler hits you with a +0 trident!
You die...

..# ..# ..# ..+ ..+ ''#
)†###############################
)................))))............
.......†.......m@m)))............
..##############mo##############.
..# #..Rommm.# #. ..# #..ooom..#
#[ ..# ####oo#### #. ..#


ooo. #. ..# ...... #. ..# ...... #. ..# ###..## #. You could see 2 orc warlords,
2 merfolk impalers, 8 orc knights, a rakshasa and 5 merfolk.

Vanquished Creatures
  Nikola (D)
  A frost giant (D)
  A ghost moth (D)
  An orc warlord (D)
  A balrug (D)
  A minotaur (D)
  Josephine (D)
  A great orb of eyes (D)
  Erolcha (D)
  A hydra (D)
  A catoblepas (D)
  A merfolk aquamancer (D)
  A two-headed ogre (D)
  3 merfolk avatars (D)
  A death knight (D)
  A death yak (D)
  Urug (D)
  A shadow wraith (D)
  A sea snake (D)
  A bog body (D)
  2 deep elf zephyrmancers (D)
  A wolf spider (D)
  Pikel (D)
  A phantasmal warrior (D)
  A deep elf pyromancer (D)
  A manticore (D)
  Joseph (D)
  A rust devil (D)
  2 cane toads (D)
  2 black mambas (D)
  3 smoke demons (D)
  2 eyes of devastation (D)
  A yaktaur (D)
  An efreet (D)
  An unseen horror (D)
  A demonic crawler (D)
  A freezing wraith (D)
  A komodo dragon (D)
  A polar bear (D)
  2 trolls (D)
  A tarantella (D)
  A flying skull (D)
  A shadow (D)
  A ynoxinul (D)
  A wyvern (D)
  4 wraiths (D)
  A vampire (D)
  6 yaks (D)
  A spriggan (D)
  A water elemental (D)
  A fire elemental (D)
  2 redbacks (D)
  A warg (D)
  3 orc warriors (D)
  A black bear (D)
  7 wolves (D)
  A centaur (D)
  A lemure (D)
  A gnoll sergeant (D)
  2 scorpions (D)
  2 earth elementals (D)
  A small abomination (D)
  A quasit (D)
  A hound (D)
  An orc priest (D)
  6 orc wizards (D)
  4 gnolls (D)
  2 adders (D)
  An ufetubus (D)
  An adder skeleton (D)
  An adder simulacrum (D)
  11 orcs (D)
  3 ball pythons (D)
  2 endoplasms (D)
  A giant cockroach (D)
  A goblin (D)
  4 jackals (D)
  3 quokkas (D)
  2 bats (D)
  A bat simulacrum (D)
  A frilled lizard (D)
137 creatures vanquished.

Vanquished Creatures (collateral kills)
  A nagaraja (D)
  2 death yaks (D)
3 creatures vanquished.

Grand Total: 140 creatures vanquished

Notes
Turn   | Place    | Note
-------+----------+-------------------------------------------
     0 | D        | boopmooplesden the Minotaur Berserker began the quest for
                  | the Orb.
     0 | D        | Reached XP level 1. HP: 19/19 MP: 0/0
    14 | D        | Reached skill level 4 in Polearms
    47 | D        | Reached XP level 2. HP: 19/28 MP: 1/1
    48 | D        | Reached ** piety under Trog
    49 | D        | Reached skill level 5 in Polearms
   179 | D        | Reached skill level 5 in Fighting
   182 | D        | Reached *** piety under Trog
   402 | D        | Reached skill level 6 in Polearms
   402 | D        | Reached XP level 3. HP: 34/37 MP: 2/2
   402 | D        | Reached **** piety under Trog
   519 | D        | Noticed a centaur
   520 | D        | Noticed a scorpion
   520 | D        | Noticed a flying skull
   520 | D        | Noticed a wolf
   533 | D        | Killed a wolf
   534 | D        | Reached skill level 8 in Polearms
   534 | D        | Reached XP level 4. HP: 27/48 MP: 3/3
   534 | D        | Reached XP level 5. HP: 29/53 MP: 4/4
   536 | D        | Killed a flying skull
   537 | D        | Reached skill level 10 in Polearms
   537 | D        | Reached skill level 5 in Armour
   537 | D        | Reached skill level 5 in Dodging
   537 | D        | Reached skill level 1 in Stealth
   537 | D        | Reached XP level 6. HP: 36/64 MP: 5/5
   539 | D        | Reached skill level 10 in Fighting
   539 | D        | Reached skill level 11 in Polearms
   542 | D        | Reached ***** piety under Trog
   548 | D        | Reached skill level 12 in Polearms
   834 | D        | Noticed a smoke demon
   839 | D        | Killed a smoke demon
   839 | D        | Received a gift from Trog
   840 | D        | Reached skill level 13 in Polearms
   840 | D        | Reached XP level 7. HP: 34/74 MP: 6/6
  1071 | D        | Noticed a troll
  1076 | D        | Killed a troll
  1077 | D        | Reached skill level 14 in Polearms
  1077 | D        | Reached XP level 8. HP: 83/83 MP: 7/7
  1091 | D        | Killed an unseen horror
  1091 | D        | Received a gift from Trog
  1151 | D        | Got the +2 halberd "Ruhepnunk" {venom, Int+4 Dex+2}
  1222 | D        | Noticed a demonic crawler
  1222 | D        | Noticed a deep elf zephyrmancer
  1228 | D        | Killed a demonic crawler
  1229 | D        | Reached skill level 15 in Polearms
  1230 | D        | Noticed a polar bear
  1231 | D        | Killed a deep elf zephyrmancer
  1232 | D        | Reached skill level 10 in Armour
  1232 | D        | Reached XP level 9. HP: 92/92 MP: 8/8
  1232 | D        | Noticed a komodo dragon
  1232 | D        | Noticed a two-headed ogre
  1233 | D        | Noticed a smoke demon
  1233 | D        | Noticed a cane toad
  1238 | D        | Killed a polar bear
  1238 | D        | Noticed a freezing wraith
  1239 | D        | Reached skill level 16 in Polearms
  1242 | D        | Killed a two-headed ogre
  1242 | D        | Reached ****** piety under Trog
  1246 | D        | Killed a smoke demon
  1247 | D        | Reached skill level 17 in Polearms
  1251 | D        | Killed a freezing wraith
  1251 | D        | Received a gift from Trog
  1254 | D        | Killed a cane toad
  1265 | D        | Killed a komodo dragon
  1266 | D        | Reached XP level 10. HP: 50/103 MP: 9/9
  1278 | D        | Noticed a cane toad
  1281 | D        | Killed a cane toad
  1297 | D        | Killed a shadow wraith
  1298 | D        | Reached skill level 18 in Polearms
  1298 | D        | Reached skill level 10 in Dodging
  1635 | D        | Noticed a smoke demon
  1637 | D        | Received a gift from Trog
  1640 | D        | Killed a smoke demon
  1641 | D        | Reached skill level 15 in Armour
  1682 | D        | Noticed a manticore
  1694 | D        | Killed a manticore
  1882 | D        | Noticed Josephine
  1888 | D        | Received a gift from Trog
  1889 | D        | Reached skill level 15 in Fighting
  1901 | D        | Killed Josephine
  1902 | D        | Reached skill level 19 in Polearms
  1904 | D        | Noticed a sea snake
  1905 | D        | Noticed a deep elf zephyrmancer
  1918 | D        | Killed a sea snake
  1919 | D        | Reached XP level 11. HP: 58/113 MP: 10/10
  1922 | D        | Killed a deep elf zephyrmancer
  1922 | D        | Received a gift from Trog
  2550 | D        | Noticed Pikel
  2550 | D        | Noticed a wolf spider
  2554 | D        | Noticed Erolcha
  2563 | D        | Noticed a phantasmal warrior
  2565 | D        | Killed Pikel
  2566 | D        | Identified the +4 glaive of Duty {vorpal, Will- Str+2 SInv}
                  | (Trog gifted it to you in the Dungeon)
  2566 | D        | Received a gift from Trog
  2568 | D        | Reached skill level 20 in Polearms
  2572 | D        | Killed Erolcha
  2572 | D        | Identified the +12 halberd of the Fifty Xenops {vorpal,
                  | rPois} (Trog gifted it to you in the Dungeon)
  2572 | D        | Received a gift from Trog
  2574 | D        | Killed a wolf spider
  2581 | D        | Killed a phantasmal warrior
  2581 | D        | Noticed Joseph
  2592 | D        | Killed Joseph
  2593 | D        | Reached skill level 21 in Polearms
  2909 | D        | Got the ring "Zoqapopn" {rC++ Will+ Dex+6 SInv}
  2992 | D        | Noticed a death yak
  2995 | D        | Killed a death yak
  2996 | D        | Noticed a minotaur
  2996 | D        | Noticed a death yak
  2996 | D        | Noticed a four-headed hydra
  2998 | D        | Noticed a balrug
  2998 | D        | Noticed a catoblepas
  2998 | D        | Noticed a deep elf pyromancer
  3003 | D        | Killed a catoblepas
  3003 | D        | Received a gift from Trog
  3008 | D        | Killed a balrug
  3013 | D        | Reached skill level 22 in Polearms
  3015 | D        | Killed a minotaur
  3020 | D        | Noticed a merfolk avatar
  3021 | D        | Noticed a nagaraja
  3024 | D        | Killed a death yak
  3025 | D        | Reached XP level 12. HP: 44/128 MP: 11/11
  3026 | D        | Killed a nagaraja
  3026 | D        | Received a gift from Trog
  3034 | D        | Killed an eight-headed hydra
  3046 | D        | Killed a merfolk avatar
  3054 | D        | Reached skill level 23 in Polearms
  3058 | D        | Received a gift from Trog
  3074 | D        | Noticed a merfolk avatar
  3081 | D        | Killed a merfolk avatar
  3084 | D        | Received a gift from Trog
  3085 | D        | Noticed a death yak
  3092 | D        | Killed a death yak
  3112 | D        | Got the -1 pair of boots of the Great Game {Contam rPois
                  | Str+3 SInv}
  3366 | D        | Acquired the ring "Yschufuv" {Drain rF+ rN++ Int+6}
  3508 | D        | Noticed a death knight
  3508 | D        | Noticed a merfolk avatar
  3508 | D        | Noticed a frost giant
  3509 | D        | Noticed Nikola
  3510 | D        | Noticed a merfolk aquamancer
  3512 | D        | Killed a merfolk avatar
  3515 | D        | Killed a death knight
  3523 | D        | Killed Nikola
  3523 | D        | Received a gift from Trog
  3524 | D        | Reached skill level 24 in Polearms
  3527 | D        | Killed a frost giant
  3534 | D        | Killed a merfolk aquamancer
  3534 | D        | Identified the +5 glaive "Cuota Iku" {flame, rC+} (Trog
                  | gifted it to you in the Dungeon)
  3534 | D        | Received a gift from Trog
  3572 | D        | Got the +5 chain mail of the Hidden Vale {rN+ rCorr Dex-5}
  3793 | D        | Received a gift from Trog
  3861 | D        | Received a gift from Trog
  3894 | D        | Noticed a ghost moth
  3903 | D        | Killed a ghost moth
  3904 | D        | Reached XP level 13. HP: 124/143 MP: 0/12
  3913 | D        | Noticed an orc warlord
  3920 | D        | Noticed Urug
  3935 | D        | Killed an orc warlord
  3935 | D        | Identified the +6 glaive of Ziycw {antimagic, rElec rF+}
                  | (Trog gifted it to you in the Dungeon)
  3935 | D        | Received a gift from Trog
  3937 | D        | HP: 10/217 [Urug/+3 vorpal war axe (10)]
  3939 | D        | Killed Urug
  3940 | D        | Reached skill level 25 in Polearms
  3944 | D        | Received a gift from Trog
  4395 | D        | Noticed a merfolk impaler
  4396 | D        | Noticed an orc warlord
  4396 | D        | Noticed an orc warlord
  4407 | D        | Slain by a merfolk impaler (illusionary)

Illustrated notes

Levels and vault maps discovered:
D:        pitsprint [storerooms_1, entrance_room_1, metal_vault_5, armoury_2,
          mini_pit_1, grid_room_1, main_hall_1, silver_pit, the_coven_3,
          the_vestibule_1, steel_vault_5, golden_pit, hallway_of_sentries,
          crystal_vault_1, iron_vault_3, final_vault]

Skill      XL: |  1  2  3  4  5  6  7  8  9 10 11 12 13 |
---------------+----------------------------------------+-----
Fighting       | 4 6 7 9 11 12 14 15 18 21 22 | 22.1
Polearms       | 4 6 8 10 13 14 15 17 19 22 24 25 | 25.2
Armour         | 3 4 5 7 10 13 16 19 21 | 21.5
Dodging        | 3 4 5 7 8 9 10 11 | 11.0
Stealth        | 1 2 3 4 |  4.0

Action                   |  1- 3 |  4- 6 |  7- 9 | 10-12 | 13-15 || total
-------------------------+-------+-------+-------+-------+-------++-------
Melee: Spear             |     3 |       |       |       |       ||     3
       Trident           |    33 |    18 |       |       |       ||    51
       Headbutt          |     1 |     2 |     9 |    47 |     6 ||    65
       Halberd           |       |       |    53 |   144 |    49 ||   246
       Glaive            |       |       |       |    86 |       ||    86
Invok: Berserk           |     2 |       |     3 |     8 |     2 ||    15
       Trog's Hand       |       |       |       |     3 |     1 ||     4
       Brothers in Arms  |       |       |       |     1 |       ||     1
  Use: Potion            |       |       |     2 |    12 |       ||    14
       Scroll            |       |       |       |     2 |       ||     2
Armor: Animal skin       |    14 |       |       |       |       ||    14
       Plate armour      |     3 |    10 |    41 |   139 |       ||   193
       Chain mail        |       |       |       |    21 |    46 ||    67
Dodge: Dodged            |    33 |     5 |    31 |   127 |    44 ||   240
